 Dungeon Crawl Stone Soup version 0.25.1-2-g60ff931df9 (webtiles) character file.

Game seed: 13878247652560822850

7593 hawla the Thaumaturge (level 10, -5/69 HPs)
             Began as a Purple Draconian Venom Mage on Nov 14, 2020.
             Was a Believer of Vehumet.
             Slain by Snorg (7 damage)
             ... on level 10 of the Dungeon on Nov 16, 2020.
             The game lasted 00:43:07 (13400 turns).

hawla the Thaumaturge (DrVM)                       Turns: 13400, Time: 00:43:07

Health: -5/69      AC:  9    Str: 10    XL:     10   Next: 97%
Magic:  31/31      EV: 12    Int: 20    God:    Vehumet [**....]
Gold:   241        SH:  0    Dex: 11    Spells: 9/25 levels left

rFire    . . .     SeeInvis +   f - +3 dagger (distort)
rCold    . . .     Gourm    .   (no shield)
rNeg     . . .     Faith    .   (armour unavailable)
rPois    .         Spirit   .   (helmet restricted)
rElec    .         Reflect  .   (no cloak)
rCorr    .         Harm     .   (no gloves)
MR       +....                  H - +1 pair of boots
Stlth    +.........             (no amulet)
HPRegen  0.21/turn              i - ring of see invisible
MPRegen  0.22/turn              y - ring of magical power

@: silence
A: breathe power, unfitting armour, hooves 1, cold-blooded, MP-powered wands, AC
+7
a: Breathe Dispelling Energy, Renounce Religion


You were on level 10 of the Dungeon.
You worshipped Vehumet.
Vehumet was pleased with you.
You were not hungry.

You visited 2 branches of the dungeon, and saw 11 of its levels.
You also visited: Sewer.

You collected 501 gold pieces.
You spent 260 gold pieces at shops.

Inventory:

Hand Weapons
 f - a +3 dagger of distortion (weapon)
 k - a +2 quarterstaff of protection
 o - a +5 quarterstaff
Missiles
 a - 35 poisoned darts (quivered)
 g - 14 boomerangs
 x - 5 datura-tipped darts
 D - 7 silver boomerangs
 F - a throwing net
 J - 150 stones
Armour
 H - a +1 pair of boots (worn)
Magical Staves
 v - an uncursed staff of wizardry
 I - an uncursed staff of fire
Jewellery
 c - an uncursed ring of protection from cold
 i - a ring of see invisible (left hand)
 y - a ring of magical power (right hand)
 P - the ring "Rorasay" {rElec rF- rC- Int+8 SInv}
   (You took it off an orc on level 9 of the Dungeon)

   [ring of see invisible]

   It affects your intelligence (+8).
   It makes you vulnerable to fire.
   It makes you vulnerable to cold.
   It insulates you from electricity.
   It lets you see invisible.
Wands
 h - a wand of flame (4)
 B - a wand of iceblast (13)
 O - a wand of paralysis (13)
Scrolls
 d - 4 scrolls of remove curse
 e - 3 scrolls of amnesia
 p - 2 scrolls of magic mapping
 r - 2 scrolls of fear
 u - 2 scrolls of teleportation
 w - a scroll of blinking
 C - a scroll of summoning
 E - a scroll of fog
 L - 4 scrolls of identify
 N - a scroll of enchant armour
Potions
 l - a potion of resistance
 m - 2 potions of curing
 n - 5 potions of haste
 q - a potion of magic
 s - a potion of cancellation
 t - 2 potions of might
 z - a potion of stabbing
 G - 2 potions of mutation
 K - a potion of brilliance {unknown}
Comestibles
 b - 14 rations
 M - 3 chunks of flesh


   Skills:
 - Level 1.7 Dodging
 - Level 1.7 Stealth
 - Level 8.1 Spellcasting
 + Level 6.2 Conjurations
 + Level 7.6 Transmutations
 + Level 7.2 Fire Magic
 + Level 7.4 Air Magic
 + Level 0.0 Earth Magic
 + Level 6.2 Poison Magic


You had 9 spell levels left.
You knew the following spells:

 Your Spells              Type           Power        Failure   Level  Hunger
a - Sting                 Tmut/Pois      ####         1%          1    None
b - Poisonous Vapours     Pois/Air       #####.       1%          2    None
c - Olgreb's Toxic Radia  Pois           ####....     6%          4    ###....
d - Ignite Poison         Fire/Tmut/Pois #####...     1%          3    None
e - Mephitic Cloud        Conj/Pois/Air  ####....     1%          3    None
f - Sandblast             Erth           #.....       9%          1    None
g - Searing Ray           Conj           ####..       1%          2    None

Your spell library contained the following spells:

 Spells                   Type           Power        Failure   Level  Hunger
 Apportation              Tloc           #.....       9%          1    None
 Summon Butterflies       Summ           #.......     9%          1    None
 Alistair's Intoxication  Tmut/Pois      #####...     14%         5    #####..
 Lesser Beckoning         Tloc           #.........   26%         3    None
 Tukima's Dance           Hex            #.......     26%         3    None
 Invisibility             Hex            #.......     100%        6    ######.


Dungeon Overview and Level Annotations

Branches:
Dungeon (10/15)            Temple (1/1) D:5            Lair (0/6) D:9
  Sewer (visited)
    Orc: D:9-12

Altars:
Ashenzari
Cheibriados
Dithmenos
Elyvilon
Fedhas
Gozag
Hepliaklqana
Kikubaaqudgha
Makhleb
Nemelex Xobeh
Okawaru
Qazlal
Ru
Sif Muna
Trog
Uskayaw
Vehumet
Wu Jian
Xom
Yredelemnul
Zin
The Shining One

Shops:
D:6 =   D:9 (

Annotations:
D:10 Snorg


Innate Abilities, Weirdness & Mutations

You can breathe bolts of dispelling energy.
Your rich purple scales are hard. (AC +7)
You cannot fit into any form of body armour.
You are cold-blooded and may be slowed by cold attacks.
You have large cloven feet.
You expend magic power (3 MP) to strengthen your wands.


Message History

Snorg goes berserk!
There are monsters nearby!
Snorg rages.
Snorg bites you! Snorg closely misses you. Snorg barely misses you.
Snorg bites you. Snorg closely misses you. Snorg barely misses you.
Snorg bites you! Snorg closely misses you. Snorg barely misses you.
You barely miss Snorg. Snorg bites you but does no damage.
Snorg closely misses you. Snorg claws you!
You feel much better. Snorg bites you! Snorg closely misses you.
Snorg barely misses you. Snorg bites you but does no damage.
Snorg claws you. x2
You hit Snorg.
Space warps horribly around Snorg!!
Snorg is lightly wounded.
Snorg bites you! Snorg claws you but does no damage. Snorg claws you.
The crimson imp barely misses you.
You barely miss Snorg.
Snorg is lightly wounded.
Snorg bites you!!
* * * LOW HITPOINT WARNING * * *
Snorg claws you!
You die...

#>......###.# #.#
#.##.. #.#####.#
#.# #.# #.# #.#
#.# ##.# #.# #.#
#.# ....# #.# #.#
#.# .##.# ### #.#
#.# ..# #.#
#.###..# #.#
#......# #.#
#@T....# #.#
#.5#...# #.#
#..#....... #.#
#..#......#
#.#####..#......#
#........#5.###.#
#........#..# #
#........#..#
#........#.


You could see Snorg (berserk) and a crimson imp.

Vanquished Creatures
  Harold (D:9)
  2 hippogriffs
  Sigmund (D:4)
  2 wyverns (D:8)
  7 yaks
  Eustachio (D:5)
  3 hogs (D:7)
  Grum (D:9)
  A human (D:7)
  Edmund (D:4)
  A porcupine (D:9)
  3 ice beasts
  4 orc warriors
  A necrophage (D:9)
  A sky beast (D:8)
  4 wolves (D:9)
  A centaur (D:8)
  A big kobold (D:8)
  Blork the orc (D:5)
  4 bullfrogs
  3 scorpions
  12 killer bees
  A howler monkey (D:5)
  2 crimson imps
  A quasit (D:5)
  A bullfrog skeleton (D:8)
  6 orc priests
  A centaur skeleton (D:4)
  7 hounds
  4 jellies
  2 iguanas (D:8)
  7 orc wizards
  6 worker ants
  Natasha (twice) (D:4)
  A hound zombie (D:5)
  A hound skeleton (D:8)
  15 adders
  3 river rats (Sewer)
  2 shadow imps
  An ooze (D:3)
  4 worms
  2 dart slugs
  4 leopard geckos
  29 orcs
  2 ball pythons (Sewer)
  2 giant cockroaches
  5 goblins
  7 hobgoblins
  5 jackals
  5 kobolds (D:1)
  7 quokkas
  6 bats
  12 frilled lizards
  A leopard gecko skeleton (D:5)
  8 rats
218 creatures vanquished.

Vanquished Creatures (others)
  A hornet zombie (D:9)
  A human (D:2)
  A crocodile (D:9)
  2 wyvern zombies
  A crimson imp (D:5)
  2 centaur skeletons
  A hound (D:7)
  A worker ant (D:9)
  A shadow imp (D:4)
  An orc (D:5)
12 creatures vanquished.

Grand Total: 230 creatures vanquished

Notes
Turn   | Place    | Note
-------+----------+-------------------------------------------
     0 | D:1      | hawla the Draconian Venom Mage began the quest for the Orb.
     0 | D:1      | Reached XP level 1. HP: 14/14 MP: 3/3
   128 | D:1      | Reached XP level 2. HP: 15/20 MP: 0/5
  1062 | D:2      | Reached skill level 3 in Spellcasting
  1128 | D:2      | Found a basalt altar of Yredelemnul.
  1591 | D:2      | Reached XP level 3. HP: 26/26 MP: 4/7
  1595 | D:2      | Learned a level 2 spell: Poisonous Vapours
  1696 | D:2      | Found an ancient bone altar of Kikubaaqudgha.
  1696 | D:2      | Noticed a human
  1699 | D:2      | Killed a human
  1910 | D:2      | Found an ornate altar of the Wu Jian Council.
  2461 | D:3      | Reached XP level 4. HP: 15/33 MP: 0/9
  2461 | D:3      | Reached skill level 1 in Air Magic
  2722 | D:2      | Learned a level 4 spell: Olgreb's Toxic Radiance
  2935 | D:3      | Reached skill level 4 in Spellcasting
  3115 | D:3      | Reached XP level 5. HP: 38/38 MP: 8/11
  3120 | D:3      | Learned a level 3 spell: Ignite Poison
  3977 | D:4      | Gained mutation: You have large cloven feet. [potion of
                  | mutation]
  3977 | D:4      | Gained mutation: You expend magic power (3 MP) to
                  | strengthen your wands. [potion of mutation]
  4408 | D:4      | Reached skill level 1 in Fire Magic
  4447 | D:4      | Reached XP level 6. HP: 32/45 MP: 5/12
  4690 | D:4      | Noticed Sigmund
  4695 | D:4      | Killed Sigmund
  4695 | D:4      | Your scales start taking on a rich purple colour.
  4695 | D:4      | Reached skill level 5 in Spellcasting
  4695 | D:4      | Reached XP level 7. HP: 50/50 MP: 7/14
  4859 | D:4      | Noticed Edmund
  4878 | D:4      | Killed Edmund
  5255 | D:4      | Noticed Natasha
  5259 | D:4      | Killed Natasha
  5447 | D:4      | Noticed Natasha
  5452 | D:4      | Killed Natasha
  5719 | D:4      | Found a shadowy altar of Dithmenos.
  5819 | D:5      | Entered Level 5 of the Dungeon
  5831 | D:5      | Found a glowing silver altar of Zin.
  5831 | D:5      | Found a bloodstained altar of Trog.
  6062 | D:5      | Found a burning altar of Makhleb.
  6063 | D:5      | Found a shimmering blue altar of Sif Muna.
  6063 | D:5      | Found a hide-covered altar of Uskayaw.
  6067 | D:5      | Found a glowing golden altar of the Shining One.
  6100 | D:5      | Noticed Eustachio
  6103 | D:5      | Killed Eustachio
  6180 | D:5      | Found a glowing drain.
  6195 | Sewer    | Entered a sewer
  6206 | Sewer    | Learned a level 3 spell: Mephitic Cloud
  7110 | D:5      | Reached skill level 5 in Poison Magic
  7170 | D:5      | Reached XP level 8. HP: 57/57 MP: 11/16
  7281 | D:5      | Found a staircase to the Ecumenical Temple.
  7284 | D:5      | Noticed Blork the orc
  7288 | D:5      | Killed Blork the orc
  7401 | D:5      | Found a hazy altar of Hepliaklqana.
  7437 | D:5      | Reached skill level 1 in Conjurations
  7490 | Temple   | Entered the Ecumenical Temple
  7625 | Temple   | Became a worshipper of Vehumet
  8249 | D:6      | Found Hasint's Jewellery Shop.
  8252 | D:6      | Bought an uncursed ring of magical power for 260 gold
                  | pieces
  8709 | D:7      | Reached skill level 5 in Transmutations
  8722 | D:7      | Reached XP level 9. HP: 50/62 MP: 3/17
  8725 | D:7      | Reached skill level 5 in Air Magic
  9225 | D:7      | Found a shadowy altar of Dithmenos.
  9341 | D:7      | Reached skill level 5 in Fire Magic
  9663 | D:7      | Found a stormy altar of Qazlal.
  9989 | D:8      | Reached * piety under Vehumet
  9989 | D:8      | Offered knowledge of Sandblast by Vehumet.
 10093 | D:8      | Learned a level 1 spell: Sandblast
 10145 | D:8      | Reached skill level 6 in Spellcasting
 10839 | D:8      | Reached XP level 10. HP: 58/69 MP: 20/20
 11212 | D:8      | Found a sparkling altar of Nemelex Xobeh.
 11577 | D:9      | Found Gonax's Weapon Boutique.
 11625 | D:9      | Reached skill level 5 in Conjurations
 11625 | D:9      | Reached skill level 7 in Spellcasting
 11922 | D:9      | Noticed Harold
 11927 | D:9      | Noticed Grum
 11929 | D:9      | Killed Harold
 11933 | D:9      | Killed Grum
 12452 | D:9      | Reached ** piety under Vehumet
 12452 | D:9      | Reached skill level 8 in Spellcasting
 12454 | D:9      | Offered knowledge of Searing Ray by Vehumet.
 12458 | D:9      | Learned a level 2 spell: Searing Ray
 12570 | D:9      | Found a staircase to the Lair.
 12637 | D:9      | Identified the ring "Rorasay" {rElec rF- rC- Int+8 SInv}
 13309 | D:10     | Entered Level 10 of the Dungeon
 13390 | D:10     | Noticed Snorg
 13400 | D:10     | HP: 2/69 [Snorg (21)]
 13400 | D:10     | Slain by Snorg

Illustrated notes

Levels and vault maps discovered:
D:1:      mrwooster_arrival_statue, layout_loops_ring, corner_web_ring,
          serial_park_tiny_1, solitary_fountain
D:2:      layout_loops_cross, lemuel_round_altar, marbit_many_paths,
          tgw_kikubaaqudgha
D:3:      wander_river, layout_basic, first_ration, skrybe_limestone_x,
          minmay_between
D:4:      layout_loops_ring, kennysheep_little_box,
          minmay_fractal_squares_diagonal_5, uniq_sigmund, uniq_natasha,
          uniq_edmund
D:5:      layout_basic, minitemple, nicolae_overflow_crystal_walls,
          minmay_temple_entry_mist, cheibrodos_sewer_entry_bend,
          uniq_blork_the_orc, uniq_eustachio
D:6:      layout_gridville, serial_shops, nicolae_shop_behind_doors
D:7:      layout_loops_ring, nicolae_qazlal_eye_of_the_storm, grunt_livestock,
          grunt_dithmenos_smoke
D:8:      layout_loops_ring, nemelex_xobeh_ov_fountains_minmay,
          kennysheep_kite_vault
D:9:      layout_grid_maze, grunt_lair_entry_orc_guard_hut, serial_shops, shop,
          uniq_harold, uniq_grum
D:10:     layout_long_grid, zombieorc1_lemuel, serial_shops, shop,
          jmf_multi_god_temple2, uniq_josephine, uniq_snorg, uniq_urug
Temple:   nicolae_temple_figure_zero

Skill      XL: |  1  2  3  4  5  6  7  8  9 10 |
---------------+-------------------------------+-----
Spellcasting   | 3 4 5 6 8 |  8.1
Air Magic      | 1 2 3 4 6 7 |  7.4
Transmutations | 2 3 4 5 6 7 |  7.6
Fire Magic     | 1 2 3 4 5 7 |  7.2
Poison Magic   | 4 5 6 |  6.2
Conjurations   | 2 4 6 |  6.2
Dodging        | |  1.7
Stealth        | |  1.7

Action                   |  1- 3 |  4- 6 |  7- 9 | 10-12 || total
-------------------------+-------+-------+-------+-------++-------
Melee: Unarmed           |    29 |    17 |       |       ||    46
       Tailslap          |     5 |     5 |     2 |     2 ||    14
       Kick              |       |     3 |    16 |       ||    19
       Dagger            |       |     3 |    89 |    36 ||   128
Throw: Dart              |       |     5 |     3 |       ||     8
 Cast: Sting             |    66 |    26 |    73 |     6 ||   171
       Poisonous Vapours |    11 |    31 |    78 |    50 ||   170
       Olgreb's Toxic Ra |       |     4 |    15 |     9 ||    28
       Ignite Poison     |       |     3 |    26 |     9 ||    38
       Mephitic Cloud    |       |       |    11 |     5 ||    16
       Sandblast         |       |       |       |     3 ||     3
       Searing Ray       |       |       |       |     2 ||     2
Evoke: Wand              |       |       |       |     2 ||     2
  Use: Scroll            |     8 |     7 |    13 |     4 ||    32
       Potion            |     3 |     2 |     1 |     1 ||     7
 Stab: Sleeping          |       |       |     1 |       ||     1
  Eat: Chunk             |     6 |     6 |    18 |     9 ||    39
       Ration            |       |     1 |     1 |       ||     2
Armor: Skin              |    46 |    13 |    36 |    18 ||   113
Dodge: Dodged            |    97 |    33 |    82 |    34 ||   246
